 Dungeon Crawl Stone Soup version 0.24-a0-459-g225fefd530 (webtiles) character file.

Game seed: 9745818662459870824

327023 Azzok the Impregnable (level 20, -2/172 HPs)
             Began as a Deep Dwarf Fighter on June 29, 2019.
             Was the Champion of Makhleb.
             Slain by a two-headed ogre
             ... wielding a +0 great mace
              (8 damage)
             ... on level 4 of the Vaults.
             The game lasted 01:22:41 (35788 turns).

Azzok the Impregnable (Deep Dwarf Fighter)         Turns: 35788, Time: 01:22:42

Health: -2/172     AC: 37    Str: 29    XL:     20   Next: 77%
Magic:  7/7        EV:  9    Int:  9    God:    Makhleb [******]
Gold:   902        SH: 17    Dex: 12    Spells: 19/19 levels left

rFire    + + .     SeeInvis +   O - +3 broad axe (flame)
rCold    + . .     Gourm    +   M - +2 shield of Resistance {rF+ rC+ MR+}
rNeg     + . .     Faith    .   J - +2 plate armour {rPois}
rPois    +         Spirit   .   V - +2 helmet {SInv}
rElec    .         Reflect  .   m - +0 cloak
rCorr    .         Harm     .   x - +1 pair of gloves
MR       ++++.                  (no boots)
Stlth    ..........             G - amulet of the gourmand
HPRegen  0.00/turn              X - +4 ring of protection
MPRegen  0.10/turn              I - ring of protection from fire

@: lethally poisoned (-2 -> -3), non-regenerating
A: damage resistance, heal wounds, negative energy resistance 1, sense
surroundings 3, no regeneration
}: 2/15 runes: decaying, serpentine
a: Heal Wounds, Minor Destruction, Lesser Servant of Makhleb, Major Destruction,
Greater Servant of Makhleb, Renounce Religion


You were on level 4 of the Vaults.
You worshipped Makhleb.
Makhleb was exalted by your worship.
You were completely stuffed.

You visited 7 branches of the dungeon, and saw 36 of its levels.

You collected 3848 gold pieces.
You spent 2946 gold pieces at shops.

Inventory:

Hand Weapons
 g - the +8 whip of Wyrd {flame, rElec Int+3}
   (You found it on level 7 of the Dungeon)

   It has been specially enchanted to burn those struck by it, causing extra
   injury to most foes and up to half again as much damage against particularly
   susceptible opponents.
   It affects your intelligence (+3).
   It insulates you from electricity.
 v - a +0 executioner's axe of freezing
 O - a +3 broad axe of flaming (weapon)
Missiles
 Q - 2 throwing nets (quivered)
Armour
 c - a +1 plate armour of cold resistance
 d - a +1 plate armour of fire resistance
 m - a +0 cloak (worn)
 x - a +1 pair of gloves (worn)
 J - a +2 plate armour of poison resistance (worn)
 M - the +2 shield of Resistance (worn) {rF+ rC+ MR+}
   (You bought it in a shop on level 1 of the Snake Pit)

   It protects you from fire.
   It protects you from cold.
   It affects your resistance to hostile enchantments.
 V - a +2 helmet of see invisible (worn)
Jewellery
 A - an uncursed ring of fire
 C - an uncursed ring of resist corrosion
 G - an amulet of the gourmand (around neck)
 I - a ring of protection from fire (right hand)
 R - an uncursed ring of see invisible
 X - a +4 ring of protection (left hand)
Wands
 a - a wand of scattershot (3)
 e - a wand of digging (6)
 F - a wand of flame (47)
 K - a wand of iceblast (12)
 W - a wand of paralysis (4)
Scrolls
 j - 16 scrolls of enchant weapon
 l - 4 scrolls of fear
 q - 6 scrolls of magic mapping
 r - 6 scrolls of enchant armour
 s - 18 scrolls of remove curse
 t - 5 scrolls of teleportation
 w - 5 scrolls of identify
 y - 5 scrolls of blinking
 z - 7 scrolls of fog
 B - 2 scrolls of silence
 D - 2 scrolls of torment
 S - a scroll of holy word
Potions
 h - 5 potions of mutation {!q}
 i - 4 potions of haste
 k - a potion of resistance
 n - 2 potions of might
 o - 12 potions of curing
 p - 2 potions of cancellation
 u - 5 potions of lignification
 E - 3 potions of flight
 L - 2 potions of berserk rage
 N - 2 potions of invisibility
 P - 2 potions of heal wounds
Miscellaneous
 T - a lightning rod (4/4)
Comestibles
 b - 30 chunks of flesh
 f - 62 rations


   Skills:
 - Level 9.0 Fighting
 - Level 19.5(20.1) Axes
 - Level 8.6(14.5) Maces & Flails
 + Level 26.5 Armour
 - Level 15.0 Shields
 - Level 9.0 Evocations


You had 19 spell levels left.
You didn't know any spells.
Your spell library contained the following spells:

 Spells                   Type           Power        Failure   Level  Hunger
 Beastly Appendage        Tmut           #.....       75%         1    ##.....
 Sticks to Snakes         Tmut           #.......     87%         2    ###....
 Sublimation of Blood     Necr           #.........   87%         2    ###....
 Call Canine Familiar     Summ           #.......     98%         3    ####...
 Ignite Poison            Fire/Tmut/Pois #.......     98%         3    ####...
 Spider Form              Tmut/Pois      #.........   98%         3    ####...
 Static Discharge         Conj/Air       #.......     98%         3    ####...
 Ice Form                 Ice/Tmut       #.......     100%        4    #####..
 Petrify                  Tmut/Erth      #.......     100%        4    #####..
 Summon Lightning Spire   Summ/Air       #.......     100%        4    #####..
 Alistair's Intoxication  Tmut/Pois      #.......     100%        5    ######.
 Blade Hands              Tmut           #.........   100%        5    ######.
 Irradiate                Conj/Tmut      #.........   100%        5    ######.
 Lightning Bolt           Conj/Air       #.........   100%        5    ######.
 Silence                  Hex/Air        #.........   100%        5    ######.
 Summon Forest            Summ/Tloc      #.........   100%        5    ######.
 Conjure Ball Lightning   Conj/Air       #.........   100%        6    #######
 Deflect Missiles         Chrm/Air       #.........   100%        6    #######
 Ignition                 Fire           #.........   100%        8    #######
 Shatter                  Erth           #.........   100%        9    #######
 Tornado                  Air            #.........   100%        9    #######


Dungeon Overview and Level Annotations

Branches:
Dungeon (15/15)            Temple (1/1) D:5            Lair (6/6) D:11
  Swamp (4/4) Lair:2        Snake (4/4) Lair:2        Slime (0/5) Lair:5
    Orc (2/2) D:12            Elf (0/3) Orc:2        Vaults (4/5) D:13
  Crypt (0/3) Vaults:3     Depths (0/5) D:15

Altars:
Ashenzari
Cheibriados
Dithmenos
Elyvilon
Fedhas
Gozag
Hepliaklqana
Kikubaaqudgha
Makhleb
Nemelex Xobeh
Okawaru
Qazlal
Ru
Sif Muna
Trog
Uskayaw
Vehumet
Wu Jian
Xom
Yredelemnul
Zin
The Shining One
Beogh
Jiyva
Lugonu

Shops:
D:8 [   D:12 *   Orc:2 [(!%=   Snake:1 [   Vaults:3 :   Vaults:4 *

Annotations:
D:4 3 runed translucent doors, hitsuchi's ghost, novice KoAr
D:12 1 runed translucent door, KristoblXynda's ghost, journeyman DrGl
Swamp:4 exclusion: oklob plant
Snake:3 exclusion: Roxanne, Roxanne
Vaults:2 3 runed translucent doors, Eneuly's ghost, legendary MfIE


Innate Abilities, Weirdness & Mutations

You are resistant to damage.
You can heal yourself by infusing magical energy.
You resist negative energy. (rN+)
You passively map a large area around you.
You do not regenerate.


Message History

You hit the two-headed ogre. You burn the two-headed ogre.
The two-headed ogre is almost dead.
You hit the stone giant but do no damage.
You feel sick.
The yaktaur shoots a bolt.
You block the bolt.
You closely miss the two-headed ogre.
The two-headed ogre is almost dead.
You slash the stone giant! You burn the stone giant.
You feel sick. The stone giant hits you.
* * * LOW HITPOINT WARNING * * *
The yaktaur captain wields a +0 arbalest.
The yaktaur captain shoots a bolt.
The bolt hits you!
* * * LOW HITPOINT WARNING * * *
You block the two-headed ogre's attack.
The two-headed ogre hits you but does no damage.
You feel much better.
You feel sick. The stone giant hits you!
* * * LOW HITPOINT WARNING * * *
A vault sentinel comes into view. It is wielding a +0 falchion.
A vault sentinel comes into view. It is wielding a +0 long sword.
The two-headed ogre hits you with a +0 great mace!
You die...

◦ ◦◦ ◦◦ ░◦ ░ ░░ ░ ░
◦ ◦◦░ ◦ ░◦ ◦ ░ ◦ ░
░ ░ ◦ ◦ ◦◦
░◦▒▒▒▒▒▒▒▒ ▒·▒▒
░▒▒▒ ▒····∩·▒ ▒···
░ ▒···▒······▒ ▒▒▒
▒▒▒▒▒ ░ ░
▒OcOc····▒
▒········ ░ ░ ░ ░
▒C@····▒ ▒········
◦ ░░ ░ ░ ◦▒··(···▒
▒··▒▒▒▒·▒ ◦ ░ ◦
░◦░◦▒··(···▒
▒··▒····· ░ ◦
▒▒▒▒▒†▒▒▒▒▒··▒·····
◦ ◦ ◦◦
▒†·†···▒··▒···▒· ░
▒··C···▒·····▒▒▒
▒······▒··▒···▒· ░
▒···pcp▒··▒·····


◦◦'◦ ◦ ▒······▒··▒····· You could see 2 stone giants, a yaktaur captain, 2
two-headed ogres, 2 vault sentinels and 2 yaktaurs.

Vanquished Creatures
  Boris (Vaults:4)
  Vashnia (Snake:2)
  Saint Roka (Orc:2)
  Xtahua (Vaults:3)
  Rupert (Orc:2)
  Asterion (Vaults:3)
  Frances (Swamp:2)
  A thorn hunter (Swamp:2)
  2 sphinxes (Vaults:2)
  3 tengu reavers
  11 nagarajas
  A deep elf sorcerer (Vaults:3)
  Aizul (Snake:4)
  8 vault wardens
  An entropy weaver (Vaults:4)
  5 ironheart preservers
  A vampire knight (Vaults:3)
  8 stone giants
  A very ugly thing (Vaults:3)
  4 fire dragons
  3 ettins
  11 yaktaur captains
  Josephine (Orc:2)
  18 hydras
  A great orb of eyes (Vaults:3)
  2 catoblepae
  7 vault guards
  2 ice dragons
  3 ghost crabs
  A shambling mangrove (Swamp:2)
  13 naga warriors
  A merfolk avatar (Lair:6)
  4 death knights
  9 centaur warriors
  8 death yaks
  14 anacondas
  A tengu warrior (D:14)
  8 ogre magi
  22 two-headed ogres
  12 alligators
  7 orc high priests (Orc:2)
  19 naga sharpshooters
  5 deep elf knights
  7 shock serpents
  A fire crab (shapeshifter) (Vaults:3)
  A salamander mystic (Snake:3)
  6 skeletal warriors
  3 unseen horrors
  9 sea snakes
  4 spectral hydras (Swamp:4)
  3 flayed ghosts
  3 deep trolls (Vaults:4)
  3 swamp dragons
  8 deep elf archers
  2 glowing orange brains
  A lindwurm (Lair:5)
  3 naga ritualists
  5 wizards
  A harpy (shapeshifter) (D:15)
  11 ironbrand convokers
  17 deep elf magi
  10 orc knights
  2 necromancers
  5 harpies (Vaults:3)
  A wolf spider zombie (D:13)
  4 phantasmal warriors
  3 orc sorcerers
  7 mana vipers
  4 wolf spiders
  44 ugly things
  2 salamanders (shapeshifter)
  7 cyclopes
  An oklob plant (Lair:4)
  6 manticores
  10 salamanders
  13 guardian serpents
  Joseph (D:8)
  4 centaur zombies
  6 elephants (Lair:6)
  16 vault sentinels
  35 black mambas
  16 naga magi
  3 gargoyles
  A water nymph (shapeshifter) (D:15)
  15 spiny frogs
  6 centaur skeletons
  A yaktaur zombie (Vaults:1)
  4 freezing wraiths
  4 rime drakes
  12 komodo dragons
  A tengu conjurer (D:14)
  4 swamp worm zombies (Swamp:4)
  29 yaktaurs
  15 hornets
  A queen bee (Lair:2)
  6 trolls
  A meliai (shapeshifter) (D:15)
  4 polar bears
  A wind drake (Lair:6)
  A troll (shapeshifter) (D:15)
  12 tyrant leeches
  A wind drake (shapeshifter) (Vaults:3)
  A slime creature (shapeshifter) (D:15)
  Grinder (D:3)
  4 hydra zombies (Swamp:4)
  A spectral swamp dragon (Swamp:4)
  5 raiju (D:12)
  33 blink frogs
  13 bog bodies
  5 dream sheep (Lair:6)
  Prince Ribbit (D:8)
  14 hippogriffs
  20 slime creatures
  2 alligator zombies (Swamp:4)
  A flying skull (Vaults:3)
  6 shadows
  3 spriggans
  A vampire (D:13)
  Sigmund (D:2)
  A hog (shapeshifter) (D:15)
  An ettin skeleton (Vaults:1)
  3 wyverns
  40 yaks
  13 wraiths
  A human (D:7)
  4 hogs (D:7)
  4 hungry ghosts
  A basilisk (shapeshifter) (Vaults:2)
  A steam dragon (Lair:4)
  2 basilisks
  15 vampire mosquitoes
  21 insubstantial wisps
  12 wargs
  An ogre zombie (Vaults:1)
  Edmund (D:6)
  46 nagas
  12 swamp worms
  Menkaure (D:6)
  A water moccasin (shapeshifter) (D:15)
  10 porcupines
  13 water moccasins
  26 orc warriors
  6 swamp drakes
  An eye of draining (shapeshifter) (Vaults:3)
  3 black bears
  5 sky beasts
  3 eyes of draining
  5 ice beasts
  3 swamp dragon zombies (Swamp:4)
  8 phantoms
  A tengu (shapeshifter) (Vaults:2)
  An ettin simulacrum (Vaults:1)
  A hornet zombie (D:14)
  11 wolves
  12 centaurs
  33 ogres
  5 boggarts (Vaults:3)
  A crocodile (shapeshifter) (Vaults:1)
  15 crocodiles
  3 big kobolds
  Blork the orc (D:6)
  19 bullfrogs
  2 wyvern skeletons
  6 scorpions
  A human simulacrum (Vaults:1)
  10 wights
  33 killer bees
  2 electric eels (Lair:1)
  3 jellies
  7 crimson imps
  2 quasits (D:9)
  43 orc priests
  3 bullfrog zombies
  9 hounds
  Ijyb (D:3)
  6 iguanas
  8 hell rats
  14 worker ants
  20 orc wizards
  Robin (D:3)
  2 howler monkey skeletons
  3 swamp drake zombies (Swamp:4)
  16 adders
  15 river rats (Lair:2)
  6 shadow imps
  A white imp (Vaults:3)
  2 oozes (D:5)
  2 adder zombies
  An adder skeleton (D:5)
  3 worms
  A dart slug (D:1)
  9 leopard geckos
  118 orcs
  2 ball pythons
  8 bats
  5 giant cockroaches
  9 goblins
  7 hobgoblins
  A jackal (D:5)
  10 quokkas
  8 frilled lizards
  13 kobolds
  A leopard gecko zombie (D:7)
  A quokka skeleton (D:6)
  15 rats
  A plant (Lair:6)
1543 creatures vanquished.

Vanquished Creatures (others)
  An alligator (Swamp:4)
  A wolf spider (Vaults:4)
  A deep elf mage (Vaults:3)
  A black mamba (Snake:1)
  A hornet (Swamp:2)
  A wraith (Orc:2)
  2 insubstantial wisps (Swamp:4)
  A killer bee (D:12)
  3 orcs
  2 bushes (Lair:6)
  20 fungi
  23 plants
57 creatures vanquished.

Grand Total: 1600 creatures vanquished

Notes
Turn   | Place    | Note
-------+----------+-------------------------------------------
     0 | D:1      | Azzok the Deep Dwarf Fighter began the quest for the Orb.
     0 | D:1      | Reached XP level 1. HP: 20/20 MP: 1/1
   230 | D:1      | Reached XP level 2. HP: 27/27 MP: 2/2
   695 | D:2      | Noticed Sigmund
   704 | D:2      | Killed Sigmund
   704 | D:2      | Reached skill level 4 in Armour
   704 | D:2      | Reached XP level 3. HP: 20/34 MP: 3/3
   704 | D:2      | Reached XP level 4. HP: 24/42 MP: 4/4
   704 | D:2      | Reached XP level 5. HP: 29/49 MP: 5/5
   972 | D:2      | Found an ancient bone altar of Kikubaaqudgha.
  1063 | D:2      | Noticed an ogre
  1074 | D:2      | Killed an ogre
  1074 | D:2      | Reached skill level 5 in Axes
  1074 | D:2      | Reached XP level 6. HP: 30/57 MP: 6/6
  1476 | D:3      | Found a sacrificial altar of Ru.
  1500 | D:3      | Noticed Grinder
  1507 | D:3      | Paralysed by Grinder for 3 turns
  1542 | D:3      | Killed Grinder
  1542 | D:3      | Reached skill level 5 in Armour
  1566 | D:3      | Noticed Robin
  1586 | D:3      | Killed Robin
  1625 | D:3      | Reached XP level 7. HP: 58/64 MP: 7/7
  1666 | D:3      | Found a stormy altar of Qazlal.
  2001 | D:3      | Found a hazy altar of Hepliaklqana.
  2048 | D:3      | Noticed Ijyb
  2061 | D:3      | Killed Ijyb
  2244 | D:4      | Found a shattered altar of Ashenzari.
  2353 | D:4      | Found a shadowy altar of Dithmenos.
  2449 | D:4      | Found a runed translucent gate.
  2450 | D:4      | Found a runed translucent gate.
  2450 | D:4      | Noticed hitsuchi's ghost (novice KoAr)
  2450 | D:4      | Identified the +5 whip of the Slime-mould {pain, Int+2
                  | SInv}
  2451 | D:4      | Found a runed translucent gate.
  3010 | D:5      | Entered Level 5 of the Dungeon
  3066 | D:5      | Found a staircase to the Ecumenical Temple.
  3095 | Temple   | Entered the Ecumenical Temple
  3119 | Temple   | Became a worshipper of Makhleb the Destroyer
  3343 | D:5      | Found an iron altar of Okawaru.
  3381 | D:5      | You fall into a shaft and drop 1 floor!
  3383 | D:6      | Reached XP level 8. HP: 61/73 MP: 8/8
  3387 | D:6      | Noticed Menkaure
  3394 | D:6      | Killed Menkaure
  3394 | D:6      | Reached skill level 5 in Fighting
  3394 | D:6      | Reached skill level 6 in Armour
  4128 | D:6      | Noticed Blork the orc
  4141 | D:6      | Killed Blork the orc
  4206 | D:6      | Reached skill level 7 in Armour
  4222 | D:6      | Reached * piety under Makhleb
  4348 | D:6      | Gained mutation: You passively map the area around you.
                  | [Deep Dwarf growth]
  4348 | D:6      | Reached XP level 9. HP: 35/82 MP: 9/9
  4443 | D:6      | Found a bloodstained altar of Trog.
  4736 | D:6      | Noticed Edmund
  4749 | D:6      | Killed Edmund
  4886 | D:6      | Reached skill level 10 in Axes
  5031 | D:7      | Found a radiant altar of Vehumet.
  5122 | D:7      | Reached skill level 8 in Armour
  5145 | D:7      | Paralysed by fainting for 8 turns
  5164 | D:7      | Got a warped whip
  5376 | D:7      | Reached XP level 10. HP: 46/94 MP: 7/7
  5419 | D:7      | Reached ** piety under Makhleb
  5744 | D:8      | Noticed Joseph
  5744 | D:8      | Noticed Prince Ribbit
  6060 | D:8      | Found a shimmering altar of Xom.
  6112 | D:8      | Killed Joseph
  6112 | D:8      | Reached skill level 9 in Armour
  6130 | D:8      | Killed Prince Ribbit
  6452 | D:8      | Found Niqieqer's Antique Armour Shop.
  6849 | D:8      | Found a sparkling altar of Nemelex Xobeh.
  6849 | D:8      | Found an opulent altar of Gozag.
  6868 | D:8      | Identified the +8 whip of Wyrd {flame, rElec Int+3} (You
                  | found it on level 7 of the Dungeon)
  6976 | D:9      | Noticed a +0 dagger
  6976 | D:9      | Noticed a +0 dagger
  6979 | D:9      | Found a hide-covered altar of Uskayaw.
  7259 | D:9      | Found a white marble altar of Elyvilon.
  7263 | D:9      | Identified the cursed +1 scale mail of Inevitability {*Slow
                  | Dex+6}
  7292 | D:9      | Reached *** piety under Makhleb
  7877 | D:10     | Entered Level 10 of the Dungeon
  7924 | D:10     | Reached XP level 11. HP: 103/103 MP: 5/5
  7993 | D:10     | Noticed a two-headed ogre
  8000 | D:10     | Killed a two-headed ogre
  8000 | D:10     | Reached skill level 10 in Armour
  8315 | D:11     | Noticed a death yak
  8425 | D:11     | Noticed a green ugly thing
  8450 | D:10     | Killed a green ugly thing
  8529 | D:11     | Noticed a death yak
  8562 | D:11     | Noticed a death yak
  8562 | D:11     | Noticed an eight-headed hydra
  8726 | D:11     | Killed an eight-headed hydra
  8726 | D:11     | Reached skill level 1 in Evocations
  8738 | D:11     | Noticed a two-headed ogre
  8767 | D:11     | Noticed a brown ugly thing
  8771 | D:11     | Killed a two-headed ogre
  8780 | D:11     | Killed a brown ugly thing
  8918 | D:10     | Killed a death yak
  8985 | D:11     | Found a staircase to the Lair.
  9127 | D:11     | Reached **** piety under Makhleb
  9455 | D:11     | Reached skill level 11 in Armour
  9460 | D:11     | Reached skill level 1 in Maces & Flails
  9460 | D:11     | Reached skill level 5 in Evocations
  9881 | D:11     | Killed a death yak
  9881 | D:11     | Reached XP level 12. HP: 69/114 MP: 7/9
  9988 | D:10     | Killed a death yak
 10124 | Lair:1   | Entered Level 1 of the Lair of Beasts
 10137 | Lair:1   | Noticed a four-headed hydra
 10660 | Lair:1   | Killed a four-headed hydra
 10837 | Lair:1   | Noticed a four-headed hydra
 10841 | Lair:1   | Killed a four-headed hydra
 11030 | Lair:2   | Found a staircase to the Swamp.
 11107 | Lair:2   | Reached skill level 12 in Armour
 11228 | Lair:2   | Found a staircase to the Snake Pit.
 11249 | Lair:2   | Reached ***** piety under Makhleb
 11264 | Lair:2   | Reached skill level 5 in Maces & Flails
 11483 | Lair:2   | Noticed a four-headed hydra
 11489 | Lair:2   | Killed a four-headed hydra
 12629 | Lair:3   | Reached XP level 13. HP: 96/121 MP: 11/11
 12722 | Lair:3   | Reached skill level 13 in Armour
 13391 | Lair:4   | Reached ****** piety under Makhleb
 14534 | Lair:5   | Reached skill level 14 in Armour
 14736 | Lair:5   | Found a viscous altar of Jiyva.
 14736 | Lair:5   | Found a staircase to the Slime Pits.
 15051 | Lair:6   | Entered Level 6 of the Lair of Beasts
 15085 | Lair:6   | Paralysed by a hornet for 2 turns
 15501 | Lair:6   | Reached skill level 15 in Armour
 15786 | Lair:6   | Gained mutation: You resist negative energy. (rN+) [Deep
                  | Dwarf growth]
 15786 | Lair:6   | Reached XP level 14. HP: 69/129 MP: 10/10
 16052 | Lair:6   | Reached skill level 16 in Armour
 16390 | Lair:6   | Reached skill level 17 in Armour
 16897 | D:12     | Found Capa's General Store.
 17018 | D:12     | Found the +8 arc blade {discharge, rElec}
 17259 | D:12     | Found a runed translucent door.
 17262 | D:12     | Noticed KristoblXynda's ghost (journeyman DrGl)
 17583 | D:12     | Found a staircase to the Orcish Mines.
 17588 | D:12     | Found a roughly hewn altar of Beogh.
 17920 | Orc:1    | Entered Level 1 of the Orcish Mines
 17967 | Orc:1    | Reached skill level 15 in Axes
 18262 | Orc:1    | Noticed a stone giant
 18281 | Orc:1    | Killed a stone giant
 18420 | Orc:2    | Entered Level 2 of the Orcish Mines
 18557 | Orc:2    | Reached skill level 18 in Armour
 18813 | Orc:2    | Noticed Saint Roka
 18879 | Orc:2    | Killed Saint Roka
 18879 | Orc:2    | Reached XP level 15. HP: 67/135 MP: 10/10
 18999 | Orc:2    | Noticed Josephine
 19017 | Orc:2    | Killed Josephine
 19058 | Orc:2    | Noticed Rupert
 19098 | Orc:2    | Paralysed by Rupert for 2 turns
 19108 | Orc:2    | Killed Rupert
 19298 | Orc:2    | Found Moilar's Jewellery Shoppe.
 19309 | Orc:2    | Found a staircase to the Elven Halls.
 19373 | Orc:2    | Found Zuhytoan's Food Boutique.
 19373 | Orc:2    | Found Luad Lerchu's Distillery.
 19387 | Orc:2    | Bought a potion of haste for 180 gold pieces
 19387 | Orc:2    | Bought a potion of heal wounds for 90 gold pieces
 19387 | Orc:2    | Bought a potion of degeneration for 18 gold pieces
 19387 | Orc:2    | Bought a potion of haste for 180 gold pieces
 19387 | Orc:2    | Bought a potion of mutation for 144 gold pieces
 19398 | Orc:2    | Found a roughly hewn altar of Beogh.
 19440 | Orc:2    | Found Jijiun's Weapon Boutique.
 19440 | Orc:2    | Found Kiujeont's Antique Armour Shoppe.
 19471 | Orc:2    | Bought a glowing plate armour for 546 gold pieces
 19471 | Orc:2    | Bought a shiny plate armour for 546 gold pieces
 19471 | Orc:2    | Bought a shiny buckler for 157 gold pieces
 19471 | Orc:2    | Bought a runed hat for 147 gold pieces
 19702 | D:13     | Found a gate to the Vaults.
 20066 | D:13     | Reached skill level 19 in Armour
 20165 | D:13     | Found a shadowy altar of Dithmenos.
 21319 | D:15     | Entered Level 15 of the Dungeon
 21592 | D:15     | Reached XP level 16. HP: 119/144 MP: 10/10
 21730 | D:15     | Found a staircase to the Depths.
 22612 | Snake:1  | Entered Level 1 of the Snake Pit
 22628 | Lair:2   | Reached skill level 20 in Armour
 22715 | Snake:1  | Identified the Grimoire of the Escort
 22736 | Snake:1  | Found Usob's Armour Emporium.
 23980 | Snake:2  | Noticed Vashnia
 24121 | Snake:2  | Killed Vashnia
 24598 | Snake:3  | Reached skill level 21 in Armour
 24724 | Snake:3  | Reached XP level 17. HP: 137/150 MP: 9/9
 25086 | Snake:3  | Identified the +6 rapier "Badooboc" {freeze, rF- MR+ SInv}
 25324 | Snake:3  | Identified Roxanne's Handbook of Changing
 25324 | Snake:3  | Noticed Roxanne
 25539 | Snake:4  | Entered Level 4 of the Snake Pit
 25615 | Snake:4  | Noticed Aizul
 25641 | Snake:4  | Killed Aizul
 25661 | Snake:4  | HP: 6/150 [naga warrior/+0 glaive (21)]
 25909 | Snake:1  | Bought the +2 shield of Resistance {rF+ rC+ MR+} for 616
                  | gold pieces
 25909 | Snake:1  | Found the +2 shield of Resistance {rF+ rC+ MR+}
 25985 | Swamp:1  | Entered Level 1 of the Swamp
 26276 | Swamp:1  | Reached skill level 5 in Shields
 26962 | Swamp:2  | Noticed Frances
 26998 | Swamp:2  | Killed Frances
 28109 | Swamp:3  | Identified 2 scrolls of acquirement
 28143 | Swamp:4  | Entered Level 4 of the Swamp
 28683 | Swamp:4  | Reached skill level 22 in Armour
 28969 | Swamp:4  | Gained mutation: You passively map a large area around you.
                  | [Deep Dwarf growth]
 28969 | Swamp:4  | Reached XP level 18. HP: 109/156 MP: 6/6
 28975 | Swamp:4  | Reached skill level 10 in Shields
 29067 | Swamp:4  | Noticed a bone dragon
 29110 | Swamp:4  | Got a decaying rune of Zot
 29921 | Snake:4  | Got a serpentine rune of Zot
 30445 | Vaults:1 | Entered Level 1 of the Vaults
 30790 | Vaults:1 | Reached XP level 19. HP: 165/165 MP: 7/7
 31015 | Snake:1  | Bought a +2 helmet of see invisible for 322 gold pieces
 31463 | Vaults:1 | Reached skill level 23 in Armour
 32199 | Vaults:2 | Reached skill level 15 in Shields
 33229 | Vaults:2 | Found a runed translucent gate.
 33229 | Vaults:2 | Found a runed translucent gate.
 33229 | Vaults:2 | Found a runed translucent gate.
 33230 | Vaults:2 | Noticed Eneuly's ghost (legendary MfIE)
 33277 | Vaults:2 | Reached skill level 24 in Armour
 33703 | Vaults:3 | Found a staircase to the Crypt.
 34066 | Vaults:3 | Reached XP level 20. HP: 151/172 MP: 8/8
 34110 | Vaults:3 | Reached skill level 25 in Armour
 34153 | Vaults:3 | Noticed Xtahua
 34167 | Vaults:3 | Killed Xtahua
 34411 | Vaults:3 | Found Foosaj's Book Emporium.
 34921 | Vaults:3 | Noticed Asterion
 34946 | Vaults:3 | Killed Asterion
 35445 | Vaults:4 | Reached skill level 26 in Armour
 35496 | Vaults:4 | Noticed Boris
 35510 | Vaults:4 | Killed Boris
 35736 | Vaults:4 | Found Syof's General Store.
 35787 | Vaults:4 | HP: 6/172 [yaktaur captain/bolt (13)]
 35788 | Vaults:4 | Slain by a two-headed ogre

Levels and vault maps discovered:
D:1:      scummos_arrival_forest, layout_basic, minivault_24
D:2:      layout_rooms, kiku_gazebo_pond_becter, uniq_sigmund
D:3:      layout_loops_ring, lemuel_coloured_pillars_altar,
          nicolae_overflow_crystal_walls, nicolae_ru_sacrificial_ziggurat,
          first_ration, minmay_misc_feat_rows, uniq_ijyb, uniq_grinder,
          uniq_robin
D:4:      layout_cave_pools, lemuel_round_altar, cheibrodos_ashenzari_chains,
          gammafunk_ghost_nasty_kobolds
D:5:      kennysheep_six_static_rooms, layout_basic, marbit_many_paths,
          minmay_temple_entry_wispy
D:6:      layout_basic, trog_ov_bears_minmay, uniq_blork_the_orc, uniq_menkaure,
          uniq_edmund
D:7:      layout_rooms, vehumet_crystals, grunt_livestock
D:8:      layout_basic, grunt_temple_overflow_opulence, xom_teletrap_fun,
          serial_shops, shop_statue, uniq_joseph, uniq_prince_ribbit1
D:9:      layout_roguey, old_standard_altar, dancing_weapons_uskayaw,
          serial_co_window_serial, co_window_corner_a, co_window_cross_1,
          co_window_of_opportunity_a, co_window_paths_a,
          co_window_of_opportunity_a, co_window_broadway_c, co_window_2corner,
          co_window_of_opportunity_b, co_window_paths_c, co_window_corner_cb,
          co_window_paths_c, co_window_paths_e, co_window_4corner_a
D:10:     layout_rooms
D:11:     layout_gridville, dpeg_lair_monsters, portal_ice_cave_rime,
          kennysheep_kite_vault
D:12:     minmay_shoctagon, layout_long_grid, minmay_orc_entry_temple_small,
          ebering_ghost_reflecting_pool, serial_shops, nicolae_shop_behind_doors
D:13:     layout_gridville, lightli_vaults_fourway_checkpoint,
          eino_tiny_chamber, grunt_dithmenos_shadows
D:14:     layout_gridville, nicolae_two_hexagons
D:15:     gammafunk_enter_depths_forms, layout_loops_ring, serial_bayou_pond_e
Temple:   corrupted_temple
Lair:1:   layout_small_grid, chequers_serial_rivers_small_a,
          nicolae_quartered_pool_little, infiniplex_staircase_pool
Lair:2:   lemuel_ratsnest, layout_layer_cave, minmay_swamp_entry_reptiles,
          minmay_snake_entry_guardpost_small, special_room [special_room_bee],
          lemuel_fruit_tree
Lair:3:   layout_regular_city, serial_rivers, chequers_serial_rivers_large_a,
          chequers_serial_rivers_room_b, chequers_serial_rivers_micro_d,
          chequers_serial_rivers_micro_c, chequers_serial_rivers_micro_d,
          chequers_serial_rivers_small_a, beast_lair_carwin_6
Lair:4:   layout_small_grid
Lair:5:   layout_roguey, slime_altar_1, wad_woods_road_02
Lair:6:   gammafunk_lair_ancient_temple, layout_regular_city, st_stairs_7
Swamp:1:  layout_basic_swamp, evilmike_swamp_ruin_house_2
Swamp:2:  layout_basic_swamp, evilmike_swamp_ruin_house_6, uniq_frances
Swamp:3:  layout_falls_marsh, nicolae_swamp_fairy_circle
Swamp:4:  swamp_pestilence, layout_basic_swamp, nicolae_swamp_trees_clearing,
          swamp_pool1
Snake:1:  layout_cave_shapes, serial_shops, shop
Snake:2:  layout_cave_shapes, uniq_vashnia
Snake:3:  layout_basic, hangedman_snake_corridor_cut, uniq_roxanne
Snake:4:  grunt_snake_rune_pools, layout_cave_town, uniq_aizul
Orc:1:    layout_caves
Orc:2:    st_orc_town, layout_caves, minmay_shop_enchanted_jewellery,
          uniq_josephine, uniq_saint_roka, uniq_rupert
Vaults:1: nicolae_vaults_diagonal_hallway_8, vaults_room_stairs_pillars,
          vaults_mumra_chevron, v_misc_27, hangedman_vaults_stretched_pinwheel,
          v_misc_13, hangedman_vaults_slice, nicolae_vaults_border_crossing,
          nicolae_vaults_network_s, v_pattern_3, grunt_vaults_hallway_short,
          nicolae_vaults_little_ls, layout_vaults_big_cross
Vaults:2: gammafunk_vaults_ghost_spectres, vaults_room_fours,
          ontoclasm_vaults_loading_screen, hangedman_vaults_maws,
          ontoclasm_vaults_gateway, vaults_room_hangedman_quadrants,
          nicolae_vaults_rhombus_7, nicolae_vaults_circle_grid_a,
          vaults_dpeg_ring, nicolae_vaults_little_squares_2,
          nicolae_vaults_little_squares_6, layout_vaults_omnigrid
Vaults:3: minmay_crypt_entry_simple_statues, v_alt_pattern_6,
          grunt_vaults_swirl, nicolae_vaults_quadrants, v_rooms_5,
          dpeg_vaults_monster_box, v_misc_1, ontoclasm_vaults_decontamination,
          vaults_room_pool, nicolae_vaults_shelves_hall, nicolae_vaults_theta,
          serial_ice_g, layout_vaults_chaotic_city, serial_shops, shop,
          uniq_xtahua, uniq_asterion
Vaults:4: ebering_vaults_ghost_inner_flame, nicolae_vaults_network_quinsquares
          [nicolae_vaults_network_quincunx_subvault,
          nicolae_vaults_network_quincunx_subvault,
          nicolae_vaults_network_quincunx_subvault,
          nicolae_vaults_network_quincunx_subvault], v_misc_15, st_cross,
          vaults_standard_mumra_lines, v_alt_pattern_4,
          nicolae_vaults_network_square, ontoclasm_vaults_twist,
          vaults_room_ringed_pool, vaults_dpeg_diagonal, v_misc_26,
          nicolae_vaults_mini_display_case, layout_vaults_maze_snakey,
          serial_shops, shop, uniq_boris

Skill      XL: |  1  2  3  4  5  6  7  8  9 10 11 12 13 14 15 16 17 18 19 20 |
---------------+-------------------------------------------------------------+-----
Axes           | 4 5 7 9 11 12 14 15 17 19 | 19.5
Fighting       | 3 4 5 7 8 9 |  9.0
Armour         | 4 5 7 8 9 11 12 15 18 19 21 22 24 26 | 26.5
Shields        | 4 9 14 15 | 15.0
Evocations     | 5 9 |  9.0
Maces & Flails | 1 6 8 |  8.6

Action                   |  1- 3 |  4- 6 |  7- 9 | 10-12 | 13-15 | 16-18 | 19-21 || total
-------------------------+-------+-------+-------+-------+-------+-------+-------++-------
Melee: War axe           |    54 |       |   132 |    78 |   916 |  1271 |       ||  2451
       Spear             |     6 |    50 |       |       |       |       |       ||    56
       Trident           |       |    48 |   375 |   104 |       |       |       ||   527
       Whip              |       |       |       |   946 |   962 |    77 |       ||  1985
       Rapier            |       |       |       |       |   114 |       |       ||   114
       Broad axe         |       |       |       |       |       |   817 |  1212 ||  2029
 Abil: Heal Wounds       |       |     2 |     8 |     9 |     8 |    30 |     5 ||    62
Evoke: Wand              |       |       |       |    12 |     9 |     9 |       ||    30
  Use: Scroll            |       |       |     7 |    11 |     4 |    19 |     2 ||    43
       Potion            |       |       |     3 |     2 |     4 |    17 |     1 ||    27
 Stab: Paralysed         |       |       |       |     4 |       |       |       ||     4
       Confused          |       |       |       |       |       |     1 |       ||     1
       Distracted        |       |       |       |       |       |       |     2 ||     2
  Eat: Chunk             |       |     2 |    12 |    19 |    33 |    44 |    17 ||   127
       Ration            |       |       |     2 |     1 |       |     1 |       ||     4
Armor: Scale mail        |    15 |       |       |       |       |       |       ||    15
       Chain mail        |    17 |    33 |   284 |   462 |   356 |       |       ||  1152
       Plate armour      |       |       |       |       |   559 |  1337 |   459 ||  2355
Dodge: Dodged            |    15 |    19 |   169 |   290 |   518 |   560 |   222 ||  1793
Block: Shield            |    29 |    25 |       |       |       |   912 |   769 ||  1735
       Buckler           |       |     6 |    78 |   165 |   367 |   229 |       ||   845

Table legend:
 A = Non-vault XP
 B = Vault XP
 C = Vault XP percentage of total XP
 D = Non-vault monster count
 E = Vault monster count
 F = Vault count percentage of total count
                 A         B        C        D         E       F
            +---------+---------+-------+---------+---------+-------
      Total |  349272 |  210787 |  37.6 |    1047 |     501 |  32.4
            +---------+---------+-------+---------+---------+-------
        D:1 |      28 |       0 |   0.0 |      15 |       0 |   0.0
        D:2 |     149 |     208 |  58.3 |      13 |       1 |   7.1
        D:3 |      63 |     346 |  84.6 |      15 |      13 |  46.4
        D:4 |     426 |       0 |   0.0 |      27 |       0 |   0.0
        D:5 |     308 |     266 |  46.3 |      13 |       7 |  35.0
        D:6 |    1291 |     672 |  34.2 |      25 |       5 |  16.7
        D:7 |    1571 |    1005 |  39.0 |      26 |       5 |  16.1
        D:8 |    1486 |     740 |  33.2 |      22 |       2 |   8.3
        D:9 |    1834 |       0 |   0.0 |      37 |       0 |   0.0
       D:10 |    2831 |    2013 |  41.6 |      13 |       3 |  18.8
       D:11 |    4559 |    4751 |  51.0 |      19 |      24 |  55.8
       D:12 |    7147 |    2378 |  25.0 |      39 |      15 |  27.8
       D:13 |    6316 |    7168 |  53.2 |      21 |      13 |  38.2
       D:14 |   16653 |       0 |   0.0 |      43 |       0 |   0.0
       D:15 |   16426 |    3339 |  16.9 |      37 |       8 |  17.8
     Lair:1 |    4716 |     560 |  10.6 |      18 |       4 |  18.2
     Lair:2 |    5031 |    2876 |  36.4 |      17 |      66 |  79.5
     Lair:3 |    3486 |    1600 |  31.5 |      15 |       7 |  31.8
     Lair:4 |    5096 |       0 |   0.0 |      20 |       0 |   0.0
     Lair:5 |    6291 |     591 |   8.6 |      24 |       3 |  11.1
     Lair:6 |   16323 |   10097 |  38.2 |      49 |      27 |  35.5
    Swamp:1 |    7871 |       0 |   0.0 |      21 |       0 |   0.0
    Swamp:2 |   14117 |    2025 |  12.5 |      36 |       1 |   2.7
    Swamp:3 |   11714 |       0 |   0.0 |      24 |       0 |   0.0
    Swamp:4 |   12831 |   10491 |  45.0 |      38 |      36 |  48.6
    Snake:1 |    7311 |       0 |   0.0 |      14 |       0 |   0.0
    Snake:2 |   19776 |    9568 |  32.6 |      34 |       6 |  15.0
    Snake:3 |   22730 |    6477 |  22.2 |      40 |      16 |  28.6
    Snake:4 |   17534 |   42295 |  70.7 |      33 |      59 |  64.1
      Orc:1 |    5309 |       0 |   0.0 |      40 |       0 |   0.0
      Orc:2 |    3288 |   18188 |  84.7 |      31 |      75 |  70.8
   Vaults:1 |   31145 |   13968 |  31.0 |      61 |      28 |  31.5
   Vaults:2 |   31903 |    9146 |  22.3 |      60 |       7 |  10.4
   Vaults:3 |   38323 |   44181 |  53.6 |      72 |      54 |  42.9
   Vaults:4 |   23389 |   15838 |  40.4 |      35 |      16 |  31.4
            +---------+---------+-------+---------+---------+-------
